 Dungeon Crawl Stone Soup version 0.27.1-2-g3b301248ec (webtiles) character file.

Game seed: 8579886967056765667

3476 Turgor the Frost Mage (level 10, -8/60 (63) HPs)
             Began as a Merfolk Ice Elementalist on Oct 1, 2021.
             Was an Initiate of Sif Muna.
             Mangled by a wight (16 damage)
             ... on level 8 of the Dungeon.
             The game lasted 01:56:15 (11144 turns).

Turgor the Frost Mage (Merfolk Ice Elementalist)   Turns: 11144, Time: 01:56:15

HP:   -8/60 (63)    AC:  8    Str: 12    XL:     10   Next: 6%
MP:   22/22         EV: 12    Int: 17    God:    Sif Muna [......]
Gold: 1141          SH:  8    Dex: 14    Spells: 16/26 levels left

rFire    . . .     SeeInvis +   s - +2 falchion (flame)
rCold    . . .     Faith    .   e - +3 buckler "Uhar" {+Blink +Inv Str+2}
rNeg     . . .     Spirit   .   a - +0 robe
rPois    .         Reflect  .   u - +0 helmet
rElec    .         Harm     .   (no cloak)
rCorr    .         Rampage  .   A - +0 pair of gloves
Will     .....                  (no boots)
Stlth    ++........             y - amulet of the acrobat
HPRegen  0.20/turn              j - ring of see invisible
MPRegen  0.18/turn              p - +4 ring of protection

@: lightly drained
A: (nimble swimmer 2), mertail
a: Renounce Religion, Evoke Blink, Evoke Invisibility


You were on level 8 of the Dungeon.
You worshipped Sif Muna.
Sif Muna was noncommittal.
You visited 2 branches of the dungeon, and saw 9 of its levels.
You also visited: Bailey.

You collected 1225 gold pieces.
You spent 84 gold pieces at shops.

Inventory:

Hand Weapons
 m - a +3 dagger
 n - a +2 dagger of pain
 s - a +2 falchion of flaming (weapon)
 t - a +1 vampiric spear
 J - a +0 vampiric whip
 K - a +3 vorpal hand axe
 N - a +3 glaive
 R - a +2 vampiric halberd
Missiles
 l - a curare-tipped dart
 M - 8 throwing nets (quivered)
Armour
 a - a +0 robe (worn)
 e - the +3 buckler "Uhar" (worn) {+Blink +Inv Str+2}
   (You found it on level 5 of the Dungeon)

   Str:       It affects your strength (+2).
   +Inv:      It lets you turn invisible.
   +Blink:    It lets you blink.
 u - a +0 helmet (worn)
 A - a +0 pair of gloves (worn)
 F - the +9 scales of the Dragon King {rPois rF+ rC+ Will+}
   (You found it on level 5 of the Dungeon)

   rF:        It protects you from fire.
   rC:        It protects you from cold.
   rPois:     It protects you from poison.
   Will:      It increases your willpower.
 P - a +2 scale mail of willpower
Magical Staves
 f - a staff of poison
Jewellery
 j - a ring of see invisible (left hand)
 p - a +4 ring of protection (right hand)
 y - an amulet of the acrobat (around neck)
 O - a ring of poison resistance
Wands
 g - a wand of iceblast (1)
Scrolls
 d - 3 scrolls of fear
 h - a scroll of enchant weapon
 k - 3 scrolls of identify
 r - a scroll of magic mapping
 G - a scroll of blinking {unknown}
 H - a scroll of enchant armour {unknown}
 I - a scroll of holy word {unknown}
 L - 2 scrolls of amnesia
Potions
 b - 7 potions of curing
 c - a potion of berserk rage
 i - a potion of ambrosia
 o - 3 potions of flight
 q - a potion of might
 x - a potion of heal wounds
 C - 2 potions of haste
Miscellaneous
 Q - a phantom mirror


   Skills:
 - Level 2.6 Dodging
 - Level 2.1 Stealth
 - Level 4.0 Shields
 * Level 8.9 Spellcasting
 * Level 11.1 Ice Magic


You had 16 spell levels left.
You knew the following spells:

 Your Spells              Type           Power      Damage    Failure   Level
a - Freeze                Ice            100%       1d11      1%          1
b - Frozen Ramparts       Ice            90%        1d11      1%          3
c - Ozocubu's Armour      Ice            45%        N/A       1%          3
d - Sting                 Tmut/Pois      28%        1d4       10%         1
e - Poisonous Vapours     Pois/Air       14%        N/A       14%         2

Your spell library contained the following spells:

 Spells                   Type           Power      Damage    Failure   Level
 Hailstorm                Conj/Ice       26%        3d7       10%         4
 Passwall                 Tmut/Erth      5%         N/A       14%         2
 Slow                     Hex            7%         N/A       14%         2
 Confusing Touch          Hex            7%         N/A       28%         3
 Inner Flame              Hex/Fire       7%         N/A       28%         3
 Swiftness                Air            7%         N/A       28%         3
 Animate Dead             Necr           3%         N/A       67%         4
 Cause Fear               Hex            3%         N/A       67%         4
 Olgreb's Toxic Radiance  Pois           7%         N/A       67%         4
 Yara's Violent Unravell  Hex/Tmut       3%         3d4       95%         5
 Invisibility             Hex            3%         N/A       100%        6
 Haunt                    Necr/Summ      3%         N/A       100%        7
 Discord                  Hex            3%         N/A       100%        8
 Infestation              Necr           3%         N/A       100%        8


Dungeon Overview and Level Annotations

Branches:
Dungeon (8/15)             Temple (1/1) D:7          Bailey (visited)
   Lair: D:8-11

Altars:
Ashenzari
Cheibriados
Dithmenos
Elyvilon
Fedhas
Gozag
Hepliaklqana
Kikubaaqudgha
Makhleb
Nemelex Xobeh
Okawaru
Qazlal
Ru
Sif Muna
Trog
Uskayaw
Vehumet
Wu Jian
Xom
Yredelemnul
Zin
The Shining One

Shops:
D:4 !

Annotations:
D:2 Natasha


Innate Abilities, Weirdness & Mutations

((You are quick and stealthy near water. (Stealth+, EV+, Speed+++)))
Your lower body shifts to a powerful aquatic tail in water.


Message History

The wight is moderately damaged.
The wight struggles against the net.
You hit the wight. You burn the wight.
The wight is heavily damaged.
The wight struggles against the net.
You hit the wight. You burn the wight.
The wight is severely damaged.
The wight struggles against the net.
You block the wight's attack.
The wight struggles against the net.
The net rips apart, and the wight comes free!
You hit the wight. You burn the wight.
The wight is almost destroyed.
The wight barely misses you.
You riposte.
You slash the wight! You burn the wight.
The wight is heavily damaged.
The wight hits you but does no damage.
You hit the wight but do no damage.
The wight is almost destroyed.
The wight hits you with a +1 scimitar of electrocution!
The wight hits you with a +4 halberd!
You feel drained.
You barely miss the wight.
The wight is almost destroyed.
The wight hits you with a +1 scimitar of electrocution.
You feel drained. The wight closely misses you.
You riposte.
You barely miss the wight.
The wight is almost destroyed.
You block the wight's attack.
You closely miss the wight.
The wight is almost destroyed.
The wight closely misses you.
You riposte.
You barely miss the wight.
The wight is almost destroyed.
The wight hits you but does no damage.
You are electrocuted!
* * * LOW HITPOINT WARNING * * *
The wight closely misses you.
You hit the wight but do no damage.
The wight is almost destroyed.
The wight hits you with a +1 scimitar of electrocution!
* * * LOW HITPOINT WARNING * * *
You feel drained.
You are electrocuted!
You die...

...........## # .....
#...# ............#
........ #...#
..............#......
##..#
...#......#..##.....#
#.##
...##.......##......
###
...#........###....
..................##
...............zz..#
...........#.. #@#
...........#.###.##
......#......#.#..#
......#...........#
...#.....#.......##
...##........#...#
...###......###.##
...# #...#### ###
..####...##


You could see 2 wights.

Vanquished Creatures
  Joseph (D:7)
  A hornet (D:4)
  A steam dragon (D:8)
  A water moccasin (D:6)
  2 sky beasts
  An orc warrior (D:8)
  An ice beast (D:6)
  2 necrophages
  A phantom (D:6)
  5 bullfrogs
  A kobold brigand (D:8)
  A scorpion (D:5)
  8 gnoll sergeants (Bailey)
  A wyvern skeleton (D:7)
  2 killer bees (D:7)
  2 wights (D:8)
  7 gnoll shamans
  5 hounds
  A jelly (D:6)
  A bullfrog skeleton (D:6)
  2 iguanas
  A centaur skeleton (D:7)
  Natasha (D:2)
  Terence (D:3)
  2 orc wizards (D:6)
  Robin (D:2)
  21 gnolls
  4 adders
  A howler monkey skeleton (D:6)
  3 shadow imps
  2 ufetubi
  3 adder skeletons
  2 worms
  A dart slug (D:1)
  14 orcs
  7 endoplasms
  2 giant cockroaches
  13 goblins
  12 hobgoblins
  7 quokkas
  8 ball pythons
  6 bats
  3 frilled lizards
  12 kobolds
  5 rats
179 creatures vanquished.

Vanquished Creatures (others)
  2 plants (D:3)
2 creatures vanquished.

Grand Total: 181 creatures vanquished

Notes
Turn   | Place    | Note
-------+----------+-------------------------------------------
     0 | D:1      | Turgor the Merfolk Ice Elementalist began the quest for the
                  | Orb.
     0 | D:1      | Reached XP level 1. HP: 13/13 MP: 3/3
   215 | D:1      | Reached XP level 2. HP: 8/19 MP: 1/5
   658 | D:1      | Found a faded altar of an unknown god.
  1093 | D:2      | Reached XP level 3. HP: 22/24 MP: 2/6
  1097 | D:2      | Learned a level 3 spell: Frozen Ramparts
  1101 | D:2      | Learned a level 3 spell: Ozocubu's Armour
  1331 | D:2      | Reached skill level 5 in Ice Magic
  1930 | D:2      | Noticed Natasha
  1938 | D:2      | Killed Natasha
  1939 | D:2      | Reached XP level 4. HP: 21/30 MP: 4/8
  2155 | D:2      | Noticed Natasha
  2189 | D:2      | Noticed Robin
  2202 | D:2      | Killed Robin
  2746 | D:3      | Reached XP level 5. HP: 35/35 MP: 10/10
  3005 | D:3      | Noticed Terence
  3023 | D:3      | Killed Terence
  3356 | D:3      | Found a blossoming altar of Fedhas.
  3686 | D:4      | Reached skill level 6 in Ice Magic
  3737 | D:4      | Found Seocevvi's Distillery.
  3744 | D:4      | Bought a potion of flight for 42 gold pieces
  3744 | D:4      | Bought a potion of curing for 42 gold pieces
  3988 | D:4      | Noticed a necrophage
  3998 | D:4      | Killed a necrophage
  3999 | D:4      | Reached XP level 6. HP: 41/41 MP: 9/12
  4124 | D:4      | Noticed a hornet
  4131 | D:4      | Killed a hornet
  4132 | D:4      | Reached skill level 5 in Spellcasting
  4132 | D:4      | Reached skill level 7 in Ice Magic
  4132 | D:4      | Reached XP level 7. HP: 46/46 MP: 6/14
  4186 | D:4      | Found a basalt altar of Yredelemnul.
  4415 | D:4      | Found a burning altar of Makhleb.
  4467 | D:4      | Found a white marble altar of Elyvilon.
  4586 | D:5      | Entered Level 5 of the Dungeon
  5070 | D:5      | Found the +9 scales of the Dragon King {rPois rF+ rC+
                  | Will+}
  5315 | D:5      | Found a sacrificial altar of Ru.
  5363 | D:5      | Identified the +3 buckler "Uhar" {+Blink +Inv Str+2}
  5861 | D:6      | Found a shadowy altar of Dithmenos.
  5900 | D:6      | Reached skill level 8 in Ice Magic
  5919 | D:6      | Reached XP level 8. HP: 47/52 MP: 10/16
  6014 | D:6      | Reached skill level 1 in Shields
  6149 | D:6      | Learned a level 1 spell: Sting
  6152 | D:6      | Learned a level 2 spell: Poisonous Vapours
  7338 | D:6      | Reached skill level 9 in Ice Magic
  7775 | D:7      | Noticed Joseph
  7789 | D:7      | Killed Joseph
  7790 | D:7      | Reached XP level 9. HP: 39/57 MP: 11/19
  7870 | D:7      | Found a staircase to the Ecumenical Temple.
  8025 | D:7      | Found a flagged portal.
  8034 | Bailey   | Entered a bailey
  8469 | Bailey   | Reached skill level 10 in Ice Magic
  9406 | D:7      | Found a hide-covered altar of Uskayaw.
  9450 | Temple   | Entered the Ecumenical Temple
 10853 | D:8      | Reached skill level 11 in Ice Magic
 10853 | D:8      | Reached XP level 10. HP: 63/63 MP: 13/22
 10909 | D:8      | Found a shimmering blue altar of Sif Muna.
 10916 | D:8      | Became a worshipper of Sif Muna the Loreminder
 11144 | D:8      | Mangled by a wight

Illustrated notes

Levels and vault maps discovered:
D:1:      amcnicky_arrival_abandoned_market, layout_rooms,
          ebering_ecumenical_altar_hall
D:2:      layout_loops_corners, uniq_robin, uniq_natasha
D:3:      cheibrodos_old_hovel, layout_basic, fedhas_ov_isle_minmay,
          serial_co_window_serial, co_window_corner_a, co_window_paths_a,
          co_window_of_opportunity_a, co_window_paths_a, co_window_corner_a,
          co_window_cross_2, co_window_paths_c, co_window_unsneaky_path_c,
          co_window_paths_e, glass_columns_b, nicolae_underground_beach,
          uniq_terence
D:4:      layout_loops_ring, kennysheep_ying_yang, kennysheep_mini_moat,
          nicolae_stop_n_shop_1, serial_bayou_pond_a, minmay_ruptured
D:5:      layout_gridville, mainiacjoe_overflow_alcove_4
D:6:      minmay_spotlight, layout_loops_corners, lemuel_crystal_altar,
          serial_co_window_serial, co_window_paths_b, co_window_cross_1,
          co_window_paths_b, co_window_paths_a, co_window_corner_a,
          co_window_corner_b, co_window_broadway_b, co_window_broadway_c,
          co_window_corner_b, co_window_of_opportunity_c, co_window_paths_d
D:7:      layout_loops_corners, nicolae_uskayaw_murder_on_the_dancefloor,
          minmay_temple_entry_butterflies, enter_bailey_2, uniq_joseph
D:8:      layout_cave_pools, mainiacjoe_overflow_paths
Temple:   jpeg_temple_clearing

Skill      XL: |  1  2  3  4  5  6  7  8  9 |
---------------+----------------------------+-----
Ice Magic      | 5 6 7 8 9 11 | 11.1
Spellcasting   | 3 4 5 7 8 |  8.9
Shields        | 3 4 |  4.0
Dodging        | |  2.6
Stealth        | |  2.1

Action                   |  1- 3 |  4- 6 |  7- 9 | 10-12 || total
-------------------------+-------+-------+-------+-------++-------
Melee: Spear             |    21 |    59 |   112 |       ||   192
       Dagger            |       |    15 |       |       ||    15
       Falchion          |       |       |    35 |     9 ||    44
       Hand axe          |       |       |    46 |     6 ||    52
Throw: Stone             |     5 |       |     5 |       ||    10
       Throwing net      |       |       |       |     1 ||     1
 Cast: Freeze            |    48 |    40 |    66 |     7 ||   161
       Frozen Ramparts   |     1 |     6 |    31 |     5 ||    43
       Ozocubu's Armour  |       |     1 |     7 |     1 ||     9
       Sting             |       |       |    14 |       ||    14
       Poisonous Vapours |       |       |    63 |       ||    63
  Use: Scroll            |       |       |    17 |       ||    17
 Stab: Sleeping          |     3 |    12 |     2 |       ||    17
Armor: Robe              |     5 |    23 |    73 |     5 ||   106
Dodge: Dodged            |    16 |    46 |   160 |    12 ||   234
Block: Buckler           |       |       |    94 |     5 ||    99
       Rpst.: Falchion   |       |       |     6 |     3 ||     9
